Map: Emerald City CE

Players

Nyck

  • Race: Terran Terran
  • Spawn Location: 11:00

Ekelpack

  • Race: Zerg Zerg
  • Spawn Location: 11:00

vladmoto - Winner!

  • Race: Protoss Protoss
  • Spawn Location: 5:00

DeYurikk - Winner!

  • Race: Protoss Protoss
  • Spawn Location: 5:00

VOD

Have the link to the VOD?

Description

Time

  • Played on: Sept. 11, 2024, 1:34 p.m.
  • Length: 16:13
Show
View Real Time Build Order
Export as new Build Order

Nyck Terran 

Build Orders:  

Get SALT Encoding   

  12  0:01  SCV  
  13  0:13  SCV  
  14  0:19  Supply Depot  
  14  0:27  SCV  
  15  0:41  SCV  
  16  0:43  Barracks  
  16  0:49  Refinery  
  16  0:53  SCV  
  17  1:00  Refinery  
  17  1:06  SCV  
  18  1:18  SCV  
  19  1:30  SCV, Reaper  
  21  1:35  Barracks  
  21  1:41  Supply Depot  
  21  1:42  SCV  
  22  1:54  SCV  
  24  2:09  Barracks Tech Lab, Orbital Command  
  23  2:24  Barracks  
  23  2:25  Barracks Reactor  
  23  2:27  Combat Shield  
  23  2:31  Marine  
  23  2:35  SCV  
  25  2:47  SCV  
  26  2:59  SCV  
  27  3:11  SCV  
  28  3:24  SCV  
  29  3:36  SCV  
  29  3:38  Command Center  
  29  3:40  Command Center  
  29  3:41  Marine  
  31  3:49  Stimpack  
  31  3:57  Barracks Reactor  
  31  4:10  SCV, Marine  
  31  4:11  Marauder  
  31  4:15  Supply Depot  
  35  4:19  Marine  
  36  4:28  Marine  
  37  4:32  Marauder  
  37  4:34  Engineering Bay  
  37  4:38  Engineering Bay  
  39  4:39  SCV  
  40  4:47  Marine  
  40  4:50  Marine  
  42  4:54  Marauder  
  44  5:08  SCV  
  44  5:09  Marine x4  
  49  5:29  Concussive Shells  
  49  5:40  SCV  
  50  5:44  Orbital Command  
  50  5:48  Orbital Command  
  49  5:54  SCV  
  50  5:59  Marine x4, Marauder  
  56  6:20  Marauder  
  58  6:40  SCV x3  
  58  6:43  Marine x4  
  58  6:44  Marauder  
  67  6:47  Terran Infantry Weapons Level 1  
  67  6:48  Terran Infantry Armor Level 1  
  67  6:52  SCV x3  
  70  6:58  Refinery  
  70  7:00  Marine  
  70  7:01  Marine x3, Refinery  
  72  7:04  SCV x3  
  77  7:14  Supply Depot  
  77  7:27  Missile Turret  
  77  7:33  Missile Turret  
  77  7:35  SCV x3, Marine x3, Marauder  
  85  7:37  Supply Depot  
  85  7:38  Missile Turret  
  85  7:42  Refinery  
  85  7:45  Refinery  
  85  7:56  Factory  
  85  7:59  SCV x3, Marine x3, Marauder  
  93  8:25  Supply Depot  
  93  8:29  SCV x3, Marine, Marauder  
  93  8:30  Marine  
  93  8:31  Marine x2  
  102  8:40  Armory  
  103  8:41  SCV x3  
  103  8:47  Supply Depot  
  100  8:51  Marauder  
  100  8:53  SCV x2  
  93  9:07  Marine x4  
  93  9:09  Supply Depot  
  97  9:18  SCV x3  
  100  9:30  SCV  
  98  9:33  Supply Depot  
  95  9:40  Marine  
  95  9:41  Marine x3  
  95  9:42  Marauder  
  101  9:55  Terran Infantry Armor Level 2, Terran Infantry Weapons Level 2  
  101  9:56  Supply Depot  
  101  9:59  Reaper x4  
  105  10:03  Marauder  
  107  10:13  Starport  
  107  10:18  Supply Depot  
  107  10:22  Starport  
  107  10:24  Reaper  
  107  10:25  Command Center  
  107  10:28  SCV x3  
  110  10:31  Reaper x4  
  115  10:42  Supply Depot  
  115  10:43  Command Center  
  115  10:51  Starport Reactor  
  115  10:54  SCV x3  
  115  10:56  Terran Vehicle And Ship Armor Level 1, Reaper  
  119  11:03  Reaper x4  
  123  11:05  Supply Depot  
  123  11:18  Barracks  
  123  11:25  Starport Reactor  
  123  11:26  SCV  
  123  11:27  Supply Depot, SCV x2  
  123  11:29  Reaper  
  127  11:36  Marine x4  
  127  11:39  Refinery  
  131  11:40  SCV x3  
  131  11:45  Orbital Command  
  134  11:57  Refinery  
  134  12:01  SCV x3, Marauder  
  139  12:05  Medivac  
  139  12:06  Barracks, Medivac x3  
  147  12:12  Terran Infantry Armor Level 3, Terran Infantry Weapons Level 3  
  147  12:16  SCV x2  
  147  12:17  SCV x2  
  147  12:18  Orbital Command  
  151  12:25  Refinery  
  151  12:31  Marine x3  
  151  12:32  Marine  
  155  12:42  SCV x2  
  155  12:43  SCV x2  
  159  12:50  Barracks Reactor  
  159  12:54  Barracks Reactor  
  159  12:55  Barracks  
  159  12:58  Barracks  
  104  13:43  Barracks  
  104  13:54  SCV x5  
  107  13:59  Viking x4  
  115  14:03  Marine x6  
  115  14:04  Marine x3  
  115  14:05  Marine  
  121  14:14  Armory  
  113  14:20  Marine  
  113  14:21  Marine x4  
  113  14:22  Marine  
  113  14:27  Marine x2  
  113  14:28  Viking  
  113  14:29  Viking x3  
  112  14:38  Marine  
  112  14:39  Marine  
  89  15:22  SCV x2  
  89  15:25  Marine x4  
  89  15:26  Marine  
  70  15:38  Missile Turret  
  70  15:41  Missile Turret  
  66  15:43  Marine x4  
  66  15:44  Marine  
  66  15:48  Missile Turret x2  
  64  15:51  Missile Turret  
Show
View Real Time Build Order
Export as new Build Order

Ekelpack Zerg 

Build Orders: Hatch First, Roach Hydra 

Get SALT Encoding   

  12  0:00  Drone  
  13  0:12  Overlord  
  13  0:23  Drone  
  14  0:32  Drone  
  15  0:48  Hatchery  
  14  0:51  Drone  
  15  1:07  Spawning Pool  
  14  1:11  Drone  
  15  1:21  Drone x2  
  17  1:29  Drone, Extractor  
  17  1:38  Drone  
  18  1:42  Extractor  
  17  1:51  Drone  
  18  1:56  Drone  
  18  2:00  Queen  
  21  2:06  Queen  
  23  2:12  Drone  
  23  2:13  Drone  
  25  2:20  Overlord  
  25  2:25  Drone  
  26  2:32  Drone x2  
  28  2:40  Drone  
  28  2:41  Drone  
  30  2:50  Extractor  
  29  2:51  Drone  
  29  2:57  Roach Warren  
  29  2:59  Drone x2  
  31  3:11  Drone x4  
  35  3:13  Overlord  
  35  3:26  Evolution Chamber  
  34  3:30  Queen  
  36  3:35  Drone x3  
  36  3:36  Lair  
  39  3:43  Drone x2  
  39  3:48  Roach  
  43  3:52  Overlord  
  43  3:56  Extractor  
  43  3:57  Roach  
  44  4:15  Roach x3  
  44  4:16  Overlord, Roach  
  52  4:20  Overlord  
  52  4:26  Zerg Missile Weapons Level 1  
  52  4:41  Overlord  
  52  4:43  Roach x2  
  52  4:44  Roach x6  
  68  4:51  Glial Reconstitution  
  68  5:02  Drone x2  
  70  5:14  Hatchery  
  70  5:18  Drone x3  
  72  5:24  Hydralisk Den  
  71  5:28  Overlord  
  71  5:32  Drone x4  
  71  6:09  Hydralisk x5  
  71  6:10  Hydralisk  
  83  6:17  Grooved Spines  
  83  6:25  Hydralisk  
  83  6:26  Hydralisk x2  
  83  6:27  Overlord  
  89  6:51  Zerg Missile Weapons Level 2  
  89  6:53  Overlord  
  89  6:54  Overlord, Hydralisk x4  
  97  7:01  Extractor  
  97  7:04  Extractor  
  97  7:07  Muscular Augments  
  95  7:15  Drone  
  96  7:23  Spore Crawler  
  96  7:24  Drone x4  
  96  7:25  Drone x2  
  96  7:29  Overlord x2  
  101  7:33  Hydralisk x4  
  109  7:50  Overlord, Hydralisk x2  
  109  7:51  Hydralisk x4  
  113  7:57  Hydralisk  
  113  7:58  Hydralisk  
  125  8:35  Infestation Pit  
  125  8:37  Hydralisk x5  
  125  8:38  Hydralisk x2  
  125  8:39  Overlord x2  
  136  9:00  Hydralisk x5  
  136  9:01  Hydralisk  
  148  9:07  Zerg Ground Armor Level 1  
  148  9:14  Hydralisk x3  
  154  9:21  Hive  
  154  9:22  Pneumatized Carapace  
  154  9:42  Overlord  
  154  9:54  Overlord  
  154  10:03  Hydralisk x4  
  154  10:05  Overlord  
  162  10:08  Overlord  
  162  10:12  Overseer  
  158  10:57  Overlord x2, Hydralisk  
  158  10:58  Hydralisk x6  
  158  10:59  Hydralisk x6  
  158  11:00  Hydralisk  
  158  11:01  Zerg Missile Weapons Level 3  
  186  11:22  Hydralisk x4  
  186  11:23  Hydralisk x3  
  196  12:04  Hydralisk x2  
  200  12:51  Hatchery  
  199  13:19  Overlord  
  199  13:20  Overlord  
  191  13:33  Hydralisk x2  
  191  13:34  Hydralisk x8  
  127  13:35  Hydralisk x4  
  127  13:38  Zerg Ground Armor Level 2  
  105  13:48  Hydralisk x3  
  111  13:59  Hydralisk x3  
  117  14:09  Hydralisk x3  
  123  14:17  Hydralisk  
  123  14:20  Hydralisk x4  
  123  14:21  Hydralisk  
  127  14:36  Hydralisk x2  
  127  14:37  Hydralisk x4  
  41  15:16  Hydralisk x2  
  41  15:17  Hydralisk x6  
  41  15:18  Hydralisk x4  
Show
View Real Time Build Order
Export as new Build Order

vladmoto Protoss - Winner!

Build Orders: 1 Gate Expand, Carriers 

Get SALT Encoding   

  12  0:01  Probe  
  13  0:13  Probe  
  14  0:19  Pylon  
  14  0:27  Probe  
  15  0:39  Probe  
  15  0:41  Gateway  
  16  0:51  Probe  
  16  0:52  Gateway  
  17  1:02  Assimilator  
  17  1:03  Probe  
  18  1:14  Assimilator  
  18  1:23  Probe  
  19  1:40  Nexus  
  19  1:43  Probe  
  20  1:56  Probe  
  21  2:08  Probe  
  22  2:14  Pylon  
  22  2:20  Probe  
  23  2:25  Pylon  
  23  2:33  Probe  
  22  3:00  Cybernetics Core  
  22  3:01  Probe  
  23  3:08  Probe  
  24  3:13  Probe (Chrono Boost)  
  24  3:14  Zealot x2  
  29  3:20  Probe (Chrono Boost)  
  31  3:28  Probe (Chrono Boost)  
  31  3:32  Probe (Chrono Boost)  
  32  3:37  Probe (Chrono Boost)  
  32  3:40  Probe (Chrono Boost)  
  32  3:41  Stalker x2  
  38  3:42  Probe (Chrono Boost)  
  38  3:46  Probe  
  38  3:48  Shield Battery  
  40  3:52  Probe  
  40  3:53  Assimilator  
  41  3:57  Assimilator  
  41  3:58  Probe  
  42  4:04  Probe  
  42  4:08  Stargate  
  43  4:11  Probe  
  43  4:12  Robotics Facility  
  43  4:16  Probe, Pylon  
  45  4:23  Probe  
  46  4:28  Probe  
  47  4:44  Nexus, Probe x2  
  49  4:47  Pylon  
  49  4:50  Pylon  
  49  4:56  Probe x2  
  49  4:59  Observer  
  51  5:06  Fleet Beacon  
  52  5:08  Probe  
  52  5:09  Probe  
  54  5:19  Assimilator  
  54  5:20  Probe  
  54  5:21  Probe  
  56  5:24  Assimilator  
  56  5:28  Pylon  
  56  5:33  Probe x2  
  58  5:45  Probe x2  
  59  6:12  Carrier (Chrono Boost)  
  65  6:43  Stargate  
  65  6:46  Stargate  
  65  6:48  Pylon  
  65  6:50  Pylon  
  65  6:52  Pylon  
  65  6:54  Pylon  
  65  6:56  Pylon  
  65  7:00  Pylon  
  65  7:02  Pylon  
  65  7:05  Pylon  
  65  7:07  Immortal  
  69  7:09  Carrier  
  69  7:14  Nexus  
  75  7:17  Pylon  
  75  7:20  Pylon  
  75  7:24  Pylon  
  75  7:28  Probe  
  75  7:29  Probe  
  77  7:33  Carrier  
  77  7:34  Carrier  
  89  7:41  Probe x2  
  91  7:52  Forge  
  91  7:53  Probe x2  
  91  7:57  Twilight Council  
  93  8:01  Protoss Air Armor Level 1  
  93  8:05  Probe  
  94  8:13  Carrier  
  94  8:17  Shield Battery  
  94  8:19  Shield Battery  
  100  8:24  Assimilator  
  100  8:28  Assimilator  
  100  8:37  Carrier x2 (Chrono Boost)  
  100  9:14  Carrier (Chrono Boost)  
  106  9:28  Probe x3  
  109  9:32  Carrier x2  
  121  9:39  Photon Cannon  
  121  9:40  Probe x3  
  121  9:42  Photon Cannon  
  124  9:52  Probe  
  125  9:53  Probe  
  126  10:01  Photon Cannon  
  126  10:03  Photon Cannon  
  127  10:07  Probe x3, Photon Cannon  
  127  10:11  Photon Cannon  
  129  10:19  Probe x3  
  132  10:31  Probe  
  133  10:40  Carrier x2  
  145  10:43  Protoss Air Armor Level 2  
  145  10:44  Carrier  
  145  10:45  Protoss Shields Level 1 (Chrono Boost)  
  151  11:26  Nexus  
  151  11:30  Pylon  
  151  11:32  Pylon  
  151  11:35  Pylon  
  151  11:36  Carrier  
  151  11:38  Pylon  
  157  12:01  Photon Cannon  
  157  12:03  Photon Cannon  
  156  12:29  Carrier  
  162  12:37  Protoss Shields Level 2 (Chrono Boost)  
  162  12:40  Pylon  
  162  12:42  Pylon  
  162  12:45  Pylon  
  162  12:47  Pylon  
  162  12:58  Tempest, Carrier  
  173  13:11  Protoss Air Weapons Level 1  
  155  13:47  Carrier x2  
  167  14:03  Carrier  
  160  14:51  Carrier  
  160  14:52  Carrier  
  157  15:06  Probe  
  158  15:07  Carrier (Chrono Boost)  
  164  15:18  Probe  
  159  15:30  Probe  
  160  15:42  Probe  
  161  15:54  Probe  
Show
View Real Time Build Order
Export as new Build Order

DeYurikk Protoss - Winner!

Build Orders: 1 Gate Expand, Carriers 

Get SALT Encoding   

  12  0:01  Probe  
  13  0:13  Probe  
  14  0:21  Pylon  
  14  0:25  Probe  
  15  0:39  Probe  
  16  0:45  Gateway  
  16  0:56  Gateway  
  16  1:03  Pylon  
  16  1:07  Assimilator  
  16  1:10  Probe  
  17  1:22  Probe  
  18  1:34  Probe  
  19  1:42  Nexus  
  19  1:52  Cybernetics Core  
  19  1:56  Zealot (Chrono Boost)  
  23  2:09  Zealot (Chrono Boost)  
  23  2:15  Zealot  
  23  2:18  Pylon  
  25  2:26  Probe  
  25  2:27  Assimilator  
  26  2:40  Stalker  
  26  2:44  Stalker  
  30  3:02  Probe  
  31  3:14  Probe  
  32  3:26  Probe  
  33  3:38  Probe  
  34  3:44  Robotics Facility  
  34  3:48  Stargate  
  34  3:50  Shield Battery, Probe  
  34  3:55  Probe  
  36  3:57  Pylon  
  36  4:01  Forge  
  36  4:02  Probe  
  37  4:07  Probe  
  38  4:14  Probe  
  39  4:21  Probe (Chrono Boost)  
  39  4:22  Pylon  
  40  4:26  Probe (Chrono Boost)  
  40  4:28  Pylon  
  40  4:30  Pylon  
  41  4:37  Probe (Chrono Boost)  
  43  4:39  Probe (Chrono Boost)  
  43  4:48  Probe (Chrono Boost)  
  43  4:49  Robotics Bay  
  43  4:52  Probe (Chrono Boost)  
  48  4:58  Void Ray (Chrono Boost)  
  49  5:04  Probe (Chrono Boost)  
  51  5:08  Assimilator, Probe (Chrono Boost)  
  51  5:14  Assimilator, Probe (Chrono Boost)  
  52  5:17  Probe (Chrono Boost)  
  52  5:19  Probe (Chrono Boost)  
  52  5:21  Shield Battery  
  54  5:27  Probe  
  55  5:33  Observer, Void Ray (Chrono Boost)  
  60  5:42  Probe  
  61  5:54  Probe  
  60  6:11  Colossus (Chrono Boost)  
  70  6:20  Void Ray (Chrono Boost)  
  70  6:21  Probe  
  71  6:30  Probe  
  72  6:33  Probe  
  72  6:37  Photon Cannon  
  73  6:40  Photon Cannon  
  73  6:43  Probe  
  73  6:45  Probe  
  75  6:49  Pylon  
  79  6:57  Probe  
  79  6:59  Void Ray (Chrono Boost)  
  79  7:00  Probe  
  81  7:05  Colossus (Chrono Boost)  
  87  7:09  Probe  
  87  7:12  Probe  
  87  7:14  Pylon  
  89  7:22  Probe  
  90  7:24  Probe  
  90  7:29  Shield Battery  
  91  7:35  Extended Thermal Lance  
  91  7:41  Fleet Beacon  
  91  7:48  Void Ray (Chrono Boost)  
  95  7:52  Protoss Shields Level 1  
  95  8:05  Cybernetics Core  
  95  8:09  Protoss Air Weapons Level 1, Probe  
  95  8:10  Pylon  
  96  8:13  Pylon  
  96  8:14  Pylon  
  96  8:21  Probe  
  96  8:24  Nexus  
  94  9:04  Colossus  
  94  9:09  Void Ray (Chrono Boost)  
  104  9:12  Stargate  
  104  9:21  Probe  
  105  9:33  Probe  
  106  9:42  Protoss Air Armor Level 1  
  106  9:43  Twilight Council  
  110  9:45  Probe  
  111  9:53  Void Ray (Chrono Boost)  
  111  10:02  Forge  
  111  10:12  Carrier (Chrono Boost)  
  111  10:17  Nexus  
  117  10:23  Stargate  
  117  10:27  Protoss Shields Level 2  
  116  10:43  Protoss Air Weapons Level 2  
  116  10:45  Carrier  
  122  11:04  Pylon  
  122  11:06  Pylon  
  122  11:08  Pylon  
  122  11:19  Protoss Ground Weapons Level 1  
  122  11:22  Carrier  
  128  11:27  Pylon  
  128  11:28  Pylon  
  128  11:30  Photon Cannon  
  128  11:34  Photon Cannon  
  128  11:36  Photon Cannon  
  128  11:39  Photon Cannon  
  128  11:42  Shield Battery  
  128  11:44  Shield Battery  
  128  11:47  Nexus  
  128  12:02  Photon Cannon  
  128  12:11  Carrier  
  128  12:12  Carrier  
  140  12:24  Pylon  
  140  12:43  Pylon  
  140  12:46  Pylon  
  140  13:15  Probe  
  141  13:27  Probe  
  126  13:39  Probe  
  105  13:43  Colossus  
  105  13:45  Carrier x2  
  105  13:46  Carrier  
  117  14:37  Colossus  
  104  15:32  Photon Cannon  
  104  15:34  Photon Cannon  
  110  16:08  Photon Cannon  
  110  16:11  Photon Cannon  
Tags
 
Add a new tag
Caveats
  • Supply blocks, unpowered buildings, or Contaminate may cause inaccurate times.
  • Supply counts are checked every 10 seconds.